 Dungeon Crawl Stone Soup version 0.17-a0-1691-g18a3847 (webtiles) character file.

7 Gorice the Ducker (level 1, 0/17 HPs)
             Began as a Mummy Wanderer on Aug 20, 2015.
             Slain by a hobgoblin
             ... wielding a +0 club
              (7 damage)
             ... on level 1 of the Dungeon.
             The game lasted 00:02:44 (634 turns).

Gorice the Ducker (Mummy Wanderer)                   Turns: 634, Time: 00:02:44

Health: 0/17       AC:  5    Str: 16    XL:     1   Next: 83%
Magic:  1/1        EV: 12    Int: 11    God:
Gold:   42         SH:  0    Dex: 10    Spells: 0 memorised, 0 levels left

rFire  x . .     SeeInvis .     c - +0 club
rCold  + . .     Clarity  .     a - +2 leather armour
rNeg   + + +     SustAt   .     (no shield)
rPois  ∞         Gourm    .     (no helmet)
rElec  .         Spirit   .     (no cloak)
rCorr  .         Warding  .     (no gloves)
rMut   .         Stasis   .     (no boots)
MR     .....                    (no amulet)
Stlth  ++........               (no ring)
                                (no ring)

@: not resistant to hostile enchantments, unstealthy
A: no food or potions, fire vulnerability, cold resistance 1, negative energy
resistance 3, torment resistance, unbreathing
a: no special abilities


You were on level 1 of the Dungeon.
You were not hungry.

You visited 1 branch of the dungeon, and saw 1 of its levels.

You collected 42 gold pieces.

Inventory:

Hand weapons
 c - a +0 club (weapon)
 d - a +0 dagger
Armour
 a - a +2 leather armour (worn)
Scrolls
 b - 2 scrolls of teleportation {!r}
 e - a scroll of recharging {unknown}


   Skills:
 * Level 2.6 Fighting
 - Level 3.2 Dodging
 - Level 2.4 Stealth
   Level 1.0 Shields


You couldn't memorise any spells.
You didn't know any spells.

Dungeon Overview and Level Annotations

Branches:
Dungeon (1/15)

Altars:


Innate Abilities, Weirdness & Mutations

You do not eat or drink.
Your flesh is vulnerable to fire.
You are immune to poison.
Your flesh is cold resistant.
You are immune to negative energy.
You are immune to unholy pain and torment.
You can survive without breathing.


Message History

You hit the hobgoblin but do no damage.
The hobgoblin is severely wounded.
The hobgoblin closely misses you.
The hobgoblin hits you but does no damage.
You hit the hobgoblin but do no damage.
The hobgoblin is severely wounded.
The hobgoblin hits you with a club.
Damage: 3 (max 5)
You hit the hobgoblin but do no damage.
The hobgoblin is severely wounded.
The hobgoblin hits you with a club.
Damage: 1 (max 5)
You hit the hobgoblin but do no damage.
The hobgoblin is severely wounded.
The hobgoblin hits you with a club.
Damage: 1 (max 5)
You hit the hobgoblin but do no damage.
The hobgoblin is severely wounded.
The hobgoblin barely misses you.
You barely miss the hobgoblin.
The hobgoblin is severely wounded.
The hobgoblin hits you with a club.
* * * LOW HITPOINT WARNING * * *
Damage: 2 (max 5) Unknown command.
The hobgoblin closely misses you.
You barely miss the hobgoblin.
The hobgoblin is moderately wounded.
The hobgoblin hits you with a club.
Damage: 2 (max 5)
You hit the hobgoblin but do no damage.
The hobgoblin is moderately wounded.
The hobgoblin hits you but does no damage.
You hit the hobgoblin but do no damage.
The hobgoblin is moderately wounded.
The hobgoblin misses you.
The hobgoblin hits you but does no damage.
You hit the hobgoblin but do no damage.
The hobgoblin is moderately wounded.
The hobgoblin hits you but does no damage.
You hit the hobgoblin but do no damage.
The hobgoblin is moderately wounded.
The hobgoblin closely misses you.
You hit the hobgoblin but do no damage.
The hobgoblin is lightly wounded.
The hobgoblin closely misses you.
You hit the hobgoblin but do no damage.
The hobgoblin is lightly wounded.
The hobgoblin hits you with a club!
You die...

≈♣≈♣≈♣♣ #...........#
≈♣≈♣≈8♣..# #.....(.....#
≈♣≈♣≈♣♣..# #....(......#
♣♣≈♣≈♣...# #............
♣≈♣♣≈♣.#.###..........#
≈♣♣≈♣♣...........#
♣♣≈♣♣..#.......#.######
≈≈♣♣...#.......#g#....#
♣♣♣..#.#.......'@..##.#
...............#.####.#
.#######..†...........##
.##...##..#'#.##.......#
.#...P##..#.#.########.#
....♣P.#..#.#.#
....♣P.#....#.#
...♣♣....♣.♣#.#
#P♣♣♣P...♣.♣..#


You could see a hobgoblin.

Vanquished Creatures
  A goblin (D:1)
  A hobgoblin (D:1)
  2 bats (D:1)
  3 kobolds (D:1)
7 creatures vanquished.

Notes
Turn   | Place    | Note
--------------------------------------------------------------
     0 | D:1      | Gorice the Mummy Wanderer began the quest for the Orb.
     0 | D:1      | Gorice set off with: a +2 leather armour, 2 scrolls of teleportation {!r}, a +0 club, a +0 dagger
     0 | D:1      | Reached XP level 1. HP: 16/16 MP: 1/1
   562 | D:1      | HP: 5/17 [hobgoblin/club (2)]
   634 | D:1      | Slain by a hobgoblin

Vault maps used:
D:1:      nagdon_arrival_double_spiral, serial_forest,
          infiniplex_forest_lined_room_, infiniplex_forest_straight_3,
          infiniplex_forest_zigzag_1, infiniplex_forest_clump_long,
          infiniplex_forest_zigzag_1, infiniplex_forest_straight_4,
          infiniplex_forest_clump_medium

Action                   || total
-------------------------++-------
Melee: Club              ||    48
Throw: Stone             ||     2

Table legend:
 A = Turns spent in this place as a percentage of turns spent in the entire game.
 B = Non-inter-level travel turns spent in this place as a percentage of non-inter-level travel turns spent in the entire game.
 C = Inter-level travel turns spent in this place as a percentage of turns spent in this place.
 D = Turns resting spent in this place as a percentage of non-inter-level travel turns spent in this place.
 E = Turns spent auto-exploring this place as a percentage of non-inter-level travel turns spent in this place.
 F = Non-inter-level travel turns spent in this place divided by the number of levels of this place that you've seen.
                   A       B       C       D       E      F
               +-------+-------+-------+-------+-------+----------------------
         Total | 100.0 | 100.0 |   0.0 |   2.7 |   3.7 | 295.0
       Dungeon | 100.0 | 100.0 |   0.0 |   2.7 |   3.7 | 295.0
               +-------+-------+-------+-------+-------+----------------------

Vault maps used:
D:1:      nagdon_arrival_double_spiral, serial_forest,
          infiniplex_forest_lined_room_, infiniplex_forest_straight_3,
          infiniplex_forest_zigzag_1, infiniplex_forest_clump_long,
          infiniplex_forest_zigzag_1, infiniplex_forest_straight_4,
          infiniplex_forest_clump_medium
